 Dungeon Crawl Stone Soup version 0.28.0-43-g3370ac3207 (webtiles) character file.

Game seed: 11855839831801425621

157 CryoSword the Ruffian (level 5, -21/53 HPs)
             Began as a Troll Chaos Knight on Mar 14, 2022.
             Was a Plaything of Xom.
             Killed by an exploding orc (41 damage)
             ... ignited by their inner flame
             ... on level 3 of the Dungeon.
             The game lasted 00:02:30 (1458 turns).

CryoSword the Ruffian (Troll Chaos Knight)          Turns: 1458, Time: 00:02:31

Health: -21/53     AC:  6    Str: 20    XL:     5   Next: 15%
Magic:  4/4        EV: 10    Int:  8    God:    Xom [...*..]
Gold:   93         SH:  0    Dex: 11    Spells: 4/4 levels left

rFire   . . .      SeeInvis .     - Unarmed
rCold   . . .      Faith    .   (no shield)
rNeg    . . .      Spirit   .   a - +2 robe
rPois   .          Reflect  .   (helmet restricted)
rElec   .          Harm     .   (no cloak)
rCorr   .          Rampage  .   (gloves unavailable)
Will    .....                   (boots unavailable)
Stlth   +.........              (no amulet)
HPRegen 0.97/turn               (no ring)
MPRegen 0.09/turn               (no ring)

@: about to teleport
A: large, unfitting armour, claws 3, regeneration 1, shaggy fur 1, tough skin 1
a: Renounce Religion


You were on level 3 of the Dungeon.
You worshipped Xom.
You were a favourite toy of Xom.
You visited 1 branch of the dungeon, and saw 3 of its levels.

You collected 93 gold pieces.

Inventory:

Missiles
 c - 4 javelins (quivered)
Armour
 a - a +2 robe (worn)
Scrolls
 d - a scroll of torment {unknown}
 f - 3 scrolls of identify {@r1}
Potions
 g - 2 potions of attraction {!q}
 h - a potion of berserk rage {unknown}
 i - a potion of resistance {unknown}


   Skills:
 + Level 3.1 Fighting
 + Level 0.9 Throwing
 + Level 2.7 Dodging
 * Level 4.6 Unarmed Combat


You had 4 spell levels left.
You didn't know any spells.
Your spell library contained the following spells:

 Spells                   Type           Power      Damage    Failure   Level
 Olgreb's Toxic Radiance  Pois           0%         N/A       99%         4
 Ozocubu's Refrigeration  Ice            0%         4d5       100%        7
 Ignition                 Fire           0%         3d3       100%        8


Dungeon Overview and Level Annotations

Branches:
Dungeon (3/15)

Altars:
Makhleb


Innate Abilities, Weirdness & Mutations

You are too large for most types of armour.
You have claws for hands.
Your natural rate of healing is unusually fast.
You are covered in fur. (AC +1)
You have tough skin. (AC +1)


Message History

No target in view!
g - 2 potions of attraction {!q} (gained 1)
You see here an adder corpse.
You now have 93 gold pieces (gained 13).
f - 3 scrolls of identify {@r1} (gained 2)
A frilled lizard is nearby!
A frilled lizard is nearby!
The frilled lizard hisses angrily. x2
You miss the frilled lizard. The frilled lizard barely misses you.
You closely miss the frilled lizard.
The frilled lizard hisses angrily.
You hear an angry hiss.
The frilled lizard bites the plant.
The plant begins to die.
The frilled lizard barely misses you.
The frilled lizard bites the plant.
The plant begins to die.
Something bites the plant.
The plant begins to die.
You hear an angry hiss.
You claw the frilled lizard!
You kill the frilled lizard!
You hear an angry hiss.
The frilled lizard bites the plant.
The plant begins to die.
Something bites the plant.
You closely miss the frilled lizard.
The frilled lizard bites the plant. x2
Something bites the plant. x2
You miss the frilled lizard. Your claw misses the frilled lizard.
The frilled lizard bites you.
The frilled lizard bites you but does no damage.
You claw the frilled lizard!
You kill the frilled lizard!
The frilled lizard bites the plant. x2
You scratch the frilled lizard.
You kill the frilled lizard!
You claw the frilled lizard!
You kill the frilled lizard!
A nearby plant withers and dies. x4
You scratch the frilled lizard.
You kill the frilled lizard!
You closely miss the frilled lizard.
The frilled lizard bites you but does no damage.
You barely miss the frilled lizard. The frilled lizard bites you.
You miss the frilled lizard.
The frilled lizard bites you but does no damage.
You closely miss the frilled lizard. The frilled lizard barely misses you.
You scratch the frilled lizard. The frilled lizard barely misses you.
You claw the frilled lizard!
You kill the frilled lizard!
No target in view!
No target in view!
No target in view!
No target in view!
No target in view!
No target in view!
No target in view!
No target in view!
A nearby plant withers and dies.
A frilled lizard is nearby!
A frilled lizard is nearby!
You see here a frilled lizard corpse.
The frilled lizard hisses angrily.
You claw the frilled lizard!
You kill the frilled lizard!
No target in view!
You see here a frilled lizard corpse.
Found a stone staircase leading up.
There is a stone staircase leading up here.
Key pressed, stopping explore.
You see here a hobgoblin skeleton.
There is a stone staircase leading down here.
Done exploring.
No target in view!
Done exploring.
Done exploring.
There is a stone staircase leading down here.
You climb downwards.
Found a robe.
There is a stone staircase leading up here.
An adder comes into view.
An adder is nearby!
An adder is nearby!
A hobgoblin comes into view.
The adder hisses angrily.
An adder and a jelly come into view.
The adder hisses angrily.
The jelly quivers.
The adder closely misses you. The adder barely misses you.
You claw the adder!
You kill the adder!
You barely miss the hobgoblin. The hobgoblin hits you.
You scratch the hobgoblin. The hobgoblin hits you.
The adder closely misses you.
You claw the hobgoblin!
You kill the hobgoblin!
The adder bites you but does no damage.
You barely miss the jelly. The jelly hits you but does no damage.
The adder bites you.
You claw the jelly!
You kill the jelly!
The adder bites you but does no damage.
You have reached level 5!
You claw the adder!
You kill the adder!
No target in view!
No target in view!
Found a stone staircase leading down.
Things that are here:
a hobgoblin corpse; an adder corpse A ball python comes into view.
A ball python is nearby!
A ball python is nearby!
The ball python hisses angrily.
The ball python bites you. The ball python barely misses you.
You claw the ball python!
You kill the ball python!
No target in view!
Could not explore, unopened door.
Could not explore, unopened door.
You open the door. 3 orcs and an orc priest come into view.
The orc priest is wielding a +1 flail of draining.
The orc shouts! x3; The orc priest shouts!
You hear an angry hiss.
You hear a shout!
Found a glimmering leather armour and a robe.
There are monsters nearby!
An endoplasm comes into view.
Found 21 arrows.
The endoplasm quivers.
A goblin comes into view. It is wielding a +0 club.
There is an open door here.
As you read the scroll labelled JECWEGRURA, it crumbles to dust.
You feel strangely unstable.
It was a scroll of teleportation.
The orc hits you with a +0 hand axe.
A ball python comes into view.
The orc hits you but does no damage.
As you read the scroll labelled XIWEYPEPALE, it crumbles to dust.
The creatures around you are filled with an inner flame!
It was a scroll of immolation.
The ball python hisses angrily.
The orc completely misses you. The orc priest closely misses you.
The orc barely misses you.
You claw the orc priest!
Flame seeps out of the orc priest.
The orc hits you with a +0 hand axe.
The orc priest is engulfed in blazing flames.
The orc priest explodes!
The fiery explosion engulfs the orc!!!
The fiery explosion engulfs the orc!!
The fiery explosion engulfs you!!
Ouch! That really hurt!
* * * LOW HITPOINT WARNING * * *
The orc explodes!
The fiery explosion engulfs you!!!
Ouch! That really hurt!
You die...
Xom thinks this is hilarious!

.. + .. ..# #. #. #....#
#.. #. #....# #...##.
#....# #....§§ #....#
#[...§○#####....#
.....§§@...>....########
##...§o##...............
#...[J #.........†.....
#..... ####......†.....
#..... #....########
#..Sg. #...†.......#
#(.... ###.######.##
#..... #.##......#
#+##.###...


You could see an orc (inner flame), an endoplasm (inner flame), a goblin (inner
flame) and a ball python (inner flame).

Vanquished Creatures
  A jelly (D:3)
  An orc priest (D:3)
  Jessica (D:2)
  4 adders
  3 dart slugs
  A worm (D:2)
  3 orcs
  5 endoplasms
  A giant cockroach (D:2)
  8 hobgoblins
  4 jackals (D:2)
  A quokka (D:1)
  4 ball pythons
  6 bats
  11 frilled lizards
  2 goblins
  4 kobolds
  5 rats
65 creatures vanquished.

Vanquished Creatures (others)
  5 plants (D:2)
5 creatures vanquished.

Grand Total: 70 creatures vanquished

Notes
Turn   | Place    | Note
-------+----------+-------------------------------------------
     0 | D:1      | CryoSword the Troll Chaos Knight began the quest for the
                  | Orb.
     0 | D:1      | Reached XP level 1. HP: 22/22 MP: 0/0
    97 | D:1      | Reached XP level 2. HP: 29/29 MP: 1/1
   150 | D:1      | XOM: potion effect (curing)
   435 | D:1      | Found a faded altar of an unknown god.
   669 | D:2      | Reached XP level 3. HP: 36/36 MP: 2/2
   712 | D:2      | Noticed Jessica
   716 | D:2      | Killed Jessica
   717 | D:2      | Reached skill level 4 in Unarmed Combat
   720 | D:2      | XOM: noise
   727 | D:2      | Reached XP level 4. HP: 44/44 MP: 3/3
  1018 | D:2      | XOM: silly message
  1058 | D:2      | Found a burning altar of Makhleb.
  1058 | D:2      | XOM: 5-stop teleportation journey
  1438 | D:3      | Reached XP level 5. HP: 52/53 MP: 4/4
  1458 | D:3      | Killed by an exploding orc... ignited by their inner flame

Illustrated notes

Levels and vault maps discovered:
D:1:      dpeg_arrival_tiny_b, layout_rooms, ebering_ecumenical_altar_hall
D:2:      layout_basic, basic_altar, minmay_lizard_king, uniq_jessica
D:3:      layout_basic

Skill      XL: |  1  2  3  4 |
---------------+-------------+-----
Dodging        | 2 |  2.7
Unarmed Combat | 4 |  4.6
Fighting       | 3 |  3.1
Throwing       | |  0.9

Action                   |  1- 3 |  4- 6 || total
-------------------------+-------+-------++-------
Melee: Unarmed           |    82 |    61 ||   143
       Punch             |       |     1 ||     1
  Use: Scroll            |     1 |     2 ||     3
       Potion            |     1 |       ||     1
 Stab: Sleeping          |     1 |       ||     1
Armor: Robe              |    33 |    20 ||    53
       Skin              |     9 |       ||     9
Dodge: Dodged            |    44 |    28 ||    72
